General information
- name: BNet
- type: Ladder team game (AT/RT)
- host: Battle.net
- saver: TeamCancer
map: Battleground_LV
- players: 8
- length: 16:20
- speed: Fast
- version: 1.29 W3XP
- replay type: Public
» download(153 KB)
Players
team 1 (loser)
TeamCancer (
purple | 7 APM | 122 actions | 16:20)
» actions
| Assign group hotkey | 1 | |
| Basic commands | 5 | |
| Build / train | 10 | |
| Enter build submenu | 1 | |
| Right click | 46 | |
| Select / deselect | 54 | |
| Use ability | 5 | |
122 total
» units
» buildings
| Scout Tower | 1 | |
| Arcane Tower | 1 | |
2 total
» build order
10:04 Scout Tower
12:49 Arcane Tower

»
dukenukem (
pink | 47 APM | 773 actions | 16:20)
4 Tauren Chieftain
2 War Stomp
2 Endurance Aura
2 Shadow Hunter
1 Hex
1 Healing Wave
» actions
| Basic commands | 2 | |
| Build / train | 60 | |
| Enter build submenu | 18 | |
| Enter hero's abilities submenu | 6 | |
| Give item / drop item | 2 | |
| Right click | 387 | |
| Select / deselect | 223 | |
| Use ability | 75 | |
773 total
» units
| Peon | 12 | |
| Grunt | 5 | |
| Troll Headhunter/Berserker | 7 | |
| Ogre Mauler | 1 | |
| Tauren | 3 | |
28 total
» upgrades
| Pillage | 1 | |
| Armor | 1 | |
| Troll Regeneration | 1 | |
| Reinforced Defenses | 1 | |
4 total
» buildings
| Altar of Storms | 1 | |
| Orc Burrow | 6 | |
| Barracks | 1 | |
| Voodoo Lounge | 2 | |
| Stronghold | 2 | |
| War Mill | 2 | |
| Great Hall | 2 | |
| Fortress | 1 | |
| Tauren Totem | 1 | |
18 total
» build order
00:20 Altar of Storms
00:23 Orc Burrow
00:30 Barracks
01:31 Orc Burrow
02:45 Voodoo Lounge
03:53 Stronghold
03:53 Stronghold
04:08 Orc Burrow
04:52 War Mill
05:17 Orc Burrow
05:52 Great Hall
07:51 War Mill
07:55 Orc Burrow
09:07 Fortress
10:00 Great Hall
11:29 Tauren Totem
15:44 Orc Burrow
15:47 Voodoo Lounge
» items
| Healing Salve | 3 | |
| Lesser Clarity Potion | 5 | |
| Potion of Lesser Invulnerability | 1 | |
| Scroll of Town Portal | 3 | |
| Orb of Lightning | 1 | |
| Potion of Healing | 3 | |
16 total

»
HitSomeOne (
green | 82 APM | 1337 actions | 16:20)
4 Archmage
2 Summon Water Elemental
2 Blizzard
2 Paladin
1 Holy Light
1 Divine Shield
» actions
| Assign group hotkey | 11 | |
| Build / train | 68 | |
| Enter build submenu | 21 | |
| Enter hero's abilities submenu | 6 | |
| Give item / drop item | 1 | |
| Right click | 954 | |
| Select / deselect | 216 | |
| Select group hotkey | 9 | |
| Use ability | 51 | |
1337 total
» units
| Peasant | 11 | |
| Footman | 6 | |
| Rifleman | 3 | |
| Knight | 11 | |
| Priest | 3 | |
| Sorceress | 2 | |
| Gryphon Rider | 2 | |
38 total
» upgrades
| Animal War Training | 1 | |
| Swords | 2 | |
| Plating | 1 | |
| Lumber Harvesting | 1 | |
5 total
» buildings
| Altar of Kings | 1 | |
| Farm | 6 | |
| Barracks | 2 | |
| Lumber Mill | 1 | |
| Arcane Vault | 1 | |
| Blacksmith | 1 | |
| Keep | 1 | |
| Scout Tower | 3 | |
| Guard Tower | 3 | |
| Castle | 1 | |
| Town Hall | 1 | |
| Arcane Sanctum | 1 | |
| Gryphon Aviary | 2 | |
24 total
» build order
00:15 Altar of Kings
00:24 Farm
00:31 Barracks
01:03 Farm
01:35 Lumber Mill
02:02 Farm
02:32 Arcane Vault
03:11 Blacksmith
03:26 Farm
03:59 Keep
05:35 Scout Tower
06:12 Guard Tower
06:22 Castle
06:31 Farm
06:39 Town Hall
06:47 Scout Tower
07:48 Guard Tower
08:34 Scout Tower
08:53 Barracks
09:37 Guard Tower
12:01 Arcane Sanctum
12:17 Farm
14:58 Gryphon Aviary
15:07 Gryphon Aviary
» items
| Lesser Clarity Potion | 3 | |
| Scroll of Regeneration | 2 | |
| Potion of Healing | 2 | |
| Boots of Speed | 1 | |
| Potion of Mana | 1 | |
| Healing Salve | 1 | |
| Scroll of Town Portal | 1 | |
| Orb of Fire | 1 | |
12 total
brego (
orange | 27 APM | 430 actions | 15:56)
2 Far Seer
1 Feral Spirit
1 Chain Lighting
1 Shadow Hunter
1 Healing Wave
» actions
| Assign group hotkey | 4 | |
| Basic commands | 7 | |
| Build / train | 26 | |
| Enter build submenu | 11 | |
| Enter hero's abilities submenu | 3 | |
| Right click | 222 | |
| Select / deselect | 112 | |
| Select group hotkey | 8 | |
| Use ability | 37 | |
430 total
» units
» upgrades
» buildings
| Altar of Storms | 1 | |
| Orc Burrow | 5 | |
| Barracks | 2 | |
| War Mill | 1 | |
| Stronghold | 1 | |
| Voodoo Lounge | 1 | |
| Fortress | 1 | |
| Great Hall | 1 | |
13 total
» build order
00:10 Altar of Storms
00:14 Orc Burrow
01:14 Orc Burrow
01:47 Barracks
01:57 Barracks
02:12 Orc Burrow
02:56 Orc Burrow
05:23 War Mill
05:25 Stronghold
07:35 Voodoo Lounge
11:34 Fortress
11:50 Great Hall
12:05 Orc Burrow
team 2 (winner)
ESET (
red | 38 APM | 619 actions | 16:20)
6 Far Seer
3 Feral Spirit
2 Chain Lighting
1 Earth Quake
» actions
| Basic commands | 27 | |
| Build / train | 77 | |
| ESC pressed | 3 | |
| Enter build submenu | 18 | |
| Enter hero's abilities submenu | 6 | |
| Remove unit from queue | 3 | |
| Right click | 237 | |
| Select / deselect | 203 | |
| Use ability | 45 | |
619 total
» units
| Peon | 21 | |
| Grunt | 5 | |
| Raider | 14 | |
| Shaman | 6 | |
| Tauren | 8 | |
54 total
» upgrades
| Melee Weapons | 2 | |
| Armor | 2 | |
| Ensnare | 1 | |
| Shaman Training | 2 | |
| Pulverize | 1 | |
| Pillage | 1 | |
| Reinforced Defenses | 1 | |
| Spiked Barricades | 1 | |
11 total
» buildings
| Altar of Storms | 1 | |
| Orc Burrow | 7 | |
| Barracks | 1 | |
| Stronghold | 1 | |
| War Mill | 1 | |
| Voodoo Lounge | 1 | |
| Great Hall | 1 | |
| Fortress | 1 | |
| Beastiary | 1 | |
| Spirit Lodge | 1 | |
| Tauren Totem | 1 | |
17 total
» build order
00:05 Altar of Storms
00:12 Orc Burrow
00:30 Barracks
01:56 Orc Burrow
02:00 Orc Burrow
03:08 Stronghold
03:16 War Mill
04:19 Voodoo Lounge
04:41 Orc Burrow
05:41 Great Hall
05:49 Fortress
06:56 Beastiary
07:02 Spirit Lodge
07:15 Orc Burrow
09:30 Tauren Totem
12:57 Orc Burrow
16:05 Orc Burrow

»
Zenya (
yellow | 73 APM | 1186 actions | 16:20)
3 Archmage
1 Brilliance Aura
2 Blizzard
5 Blood Mage
3 Flame Strike
2 Siphon Mana
» actions
| Build / train | 78 | |
| Enter build submenu | 37 | |
| Enter hero's abilities submenu | 8 | |
| Remove unit from queue | 2 | |
| Right click | 616 | |
| Select / deselect | 384 | |
| Use ability | 61 | |
1186 total
» units
| Peasant | 24 | |
| Rifleman | 9 | |
| Mortar Team | 6 | |
| Sorceress | 2 | |
| Priest | 1 | |
42 total
» upgrades
| Gunpowder | 3 | |
| Armor | 2 | |
| Masonry | 2 | |
| Lumber Harvesting | 2 | |
| Long Rifles | 1 | |
| Flare | 1 | |
| Sorceress Training | 2 | |
| Priest Training | 2 | |
| Fragmentation Shards | 1 | |
16 total
» buildings
| Altar of Kings | 1 | |
| Farm | 16 | |
| Barracks | 1 | |
| Blacksmith | 1 | |
| Arcane Vault | 2 | |
| Lumber Mill | 1 | |
| Town Hall | 2 | |
| Scout Tower | 4 | |
| Keep | 1 | |
| Guard Tower | 3 | |
| Arcane Sanctum | 2 | |
| Workshop | 3 | |
| Castle | 1 | |
38 total
» build order
00:07 Altar of Kings
00:18 Farm
00:21 Farm
00:51 Barracks
01:56 Blacksmith
02:09 Arcane Vault
02:27 Farm
03:21 Lumber Mill
04:20 Farm
04:35 Town Hall
04:47 Scout Tower
04:49 Scout Tower
04:50 Scout Tower
04:52 Scout Tower
05:02 Farm
06:28 Keep
07:28 Guard Tower
07:53 Guard Tower
08:07 Guard Tower
08:54 Arcane Sanctum
08:56 Workshop
09:13 Farm
09:14 Farm
09:18 Farm
10:09 Farm
10:11 Farm
10:11 Farm
10:14 Castle
10:42 Arcane Vault
12:06 Farm
12:07 Farm
12:10 Farm
12:36 Workshop
13:37 Arcane Sanctum
13:44 Workshop
14:10 Town Hall
14:55 Farm
15:37 Farm
» items
| Scroll of Regeneration | 2 | |
| Potion of Healing | 1 | |
3 total
ally1 (
teal | 62 APM | 1007 actions | 16:20)
4 Mountain King
2 Storm Bolt
2 Bash
1 Paladin
1 Holy Light
» actions
| Assign group hotkey | 16 | |
| Basic commands | 151 | |
| Build / train | 67 | |
| Enter build submenu | 36 | |
| Enter hero's abilities submenu | 5 | |
| Right click | 284 | |
| Select / deselect | 157 | |
| Select group hotkey | 217 | |
| Use ability | 74 | |
1007 total
» units
| Peasant | 22 | |
| Footman | 7 | |
| Rifleman | 9 | |
| Mortar Team | 2 | |
40 total
» upgrades
| Swords | 1 | |
| Masonry | 1 | |
| Gunpowder | 2 | |
| Armor | 2 | |
6 total
» buildings
| Farm | 10 | |
| Barracks | 1 | |
| Altar of Kings | 1 | |
| Lumber Mill | 1 | |
| Arcane Vault | 2 | |
| Blacksmith | 1 | |
| Scout Tower | 11 | |
| Town Hall | 1 | |
| Guard Tower | 6 | |
| Arcane Tower | 2 | |
| Keep | 1 | |
| Workshop | 1 | |
38 total
» build order
00:05 Farm
00:11 Barracks
00:44 Altar of Kings
01:10 Farm
02:05 Farm
02:21 Lumber Mill
02:57 Farm
03:29 Arcane Vault
03:43 Blacksmith
05:09 Scout Tower
05:13 Town Hall
05:37 Scout Tower
05:41 Guard Tower
05:43 Scout Tower
05:57 Farm
05:59 Guard Tower
06:02 Farm
06:13 Guard Tower
06:44 Scout Tower
06:52 Scout Tower
07:32 Scout Tower
07:36 Arcane Tower
07:38 Arcane Tower
08:27 Guard Tower
08:46 Scout Tower
08:50 Arcane Vault
09:04 Scout Tower
09:29 Farm
09:41 Guard Tower
11:28 Keep
12:18 Farm
12:20 Farm
12:29 Scout Tower
13:20 Farm
13:22 Scout Tower
14:12 Workshop
14:15 Guard Tower
15:58 Scout Tower
» items
| Lesser Clarity Potion | 2 | |
| Scroll of Regeneration | 2 | |
| Potion of Healing | 1 | |
5 total

»
vovan_ybica (
blue | 56 APM | 913 actions | 16:20)
4 Dark Ranger
2 Black Arrow
2 Life Drain
2 Death Knight
1 Death Coil
1 Unholy Aura
» actions
| Assign group hotkey | 13 | |
| Build / train | 52 | |
| Enter build submenu | 14 | |
| Enter hero's abilities submenu | 9 | |
| Give item / drop item | 2 | |
| Remove unit from queue | 5 | |
| Right click | 544 | |
| Select / deselect | 145 | |
| Select group hotkey | 100 | |
| Use ability | 29 | |
913 total
» units
| Acolyte | 2 | |
| Ghoul | 3 | |
| Crypt Fiend | 10 | |
| Meatwagon | 6 | |
21 total
» upgrades
| Creature Attack | 2 | |
| Burrow | 1 | |
| Web | 1 | |
| Unholy Strength | 2 | |
| Creature Carapace | 1 | |
7 total
» buildings
| Crypt | 1 | |
| Ziggurat | 7 | |
| Altar of Darkness | 1 | |
| Graveyard | 1 | |
| Spirit Tower | 5 | |
| Nerubian Tower | 1 | |
| Halls of the Dead | 1 | |
| Tomb of Relics | 1 | |
| Slaughterhouse | 1 | |
| Black Citadel | 1 | |
20 total
» build order
00:11 Crypt
00:16 Ziggurat
00:19 Ziggurat
01:41 Altar of Darkness
01:48 Graveyard
01:54 Ziggurat
02:46 Ziggurat
02:50 Ziggurat
02:51 Ziggurat
03:46 Spirit Tower
03:50 Nerubian Tower
04:06 Spirit Tower
05:19 Spirit Tower
07:03 Halls of the Dead
07:54 Spirit Tower
07:57 Ziggurat
07:59 Tomb of Relics
09:23 Spirit Tower
11:37 Slaughterhouse
15:30 Black Citadel
» items
| Sacrificial Skull | 2 | |
| Rod of Necromancy | 1 | |
3 total
Chat log
(01:04 / Allies) brego: AFK
(03:10 / Allies) dukenukem: shit
(03:13 / Allies) dukenukem: mines on this map
(03:15 / Allies) dukenukem: didnt see
(03:36 / Allies) brego: MINE PURPLE
(05:54 / Allies) brego: WELCOME PUR`LE
(08:28 / All) vovan_ybica: ok
(12:54 / Allies) dukenukem: gold wood?
(13:07 / Allies) dukenukem: t
(13:57 / Allies) brego: PURPLE UNITS
(14:10 / Allies) TeamCancer: I am allergic to units
(14:19 / Allies) brego: TU ERES TONTO
(14:32 / Allies) brego: alergico a lo tonto qe eres
(14:36 / Allies) brego: puto gilipollas
(14:52 / Allies) TeamCancer: doubldilla with cheese
(15:04 / Allies) brego: qe te den por culo eso lo entiendes
(15:06 / Allies) TeamCancer: and some of them nacho fries, please
(15:07 / Allies) brego: payaso
(15:13 / Allies) TeamCancer: can I get soem tacos with that
(15:33 / Allies) brego: qe4 asco de gente
(15:42 / Allies) brego: te voy a banear payaso